 Dungeon Crawl Stone Soup version 0.30-a0-1157-g2cc9ac7196 (webtiles) character file.

Game seed: 15196805065465981793

58 Ahpoh the Trooper (level 4, 0/29 HPs)
             Began as a Gargoyle Berserker on Apr 24, 2023.
             Was a Follower of Trog.
             Killed from afar by Crazy Yiuf (11 damage)
             ... with a puff of flame
             ... on level 2 of the Dungeon.
             The game lasted 00:04:37 (1169 turns).

Ahpoh the Trooper (Gargoyle Berserker)              Turns: 1169, Time: 00:04:37

Health: 0/29       AC: 12    Str: 21    XL:     4   Next: 2%
Magic:  4/4        EV:  8    Int:  7    God:    Trog [*.....]
Gold:   58         SH:  0    Dex:  9    Spells: 3/3 levels left

rFire   . . .        a - +0 falchion
rCold   . . .        (no shield)
rNeg    + . .        e - +0 chain mail
rPois   ∞            (no helmet)
rElec   +            (no cloak)
rCorr   .            (no gloves)
SInv    .            (no boots)
Will    .....        (no amulet) Stlth
                     (no ring)
HPRegen 0.24/turn    (no ring)
MPRegen 0.09/turn

%: no passive effects
@: no status effects
A: sickness immunity, AC +3, negative energy resistance 1, electricity
resistance, torment resistance 1, petrification resistance, hooves 1, clumsy 1,
wild magic 1
a: Renounce Religion, Berserk


You were on level 2 of the Dungeon.
You worshipped Trog.
Trog was aware of your devotion.
You visited 1 branch of the dungeon, and saw 2 of its levels.

You collected 58 gold pieces.

Inventory:

Hand Weapons
 a - a +0 falchion (weapon)
Armour
 b - a +0 animal skin
 e - a +0 chain mail (worn)
 i - a scarf of shadows
Wands
 k - a wand of polymorph (9)
Scrolls
 d - a scroll of amnesia {unknown}
 f - a scroll of identify {unknown}
 j - a scroll of magic mapping {unknown}
Potions
 c - a potion of ambrosia {unknown}
 h - a potion of heal wounds {unknown}


   Skills:
 + Level 3.7 Fighting
 + Level 3.6 Long Blades
 + Level 2.3 Armour
 + Level 2.1 Dodging


You had 3 spell levels left.
You didn't know any spells.
Your spell library was empty.

Dungeon Overview and Level Annotations

Branches:
Dungeon (2/15)

Altars:

Annotations:
D:2 Crazy Yiuf


Innate Abilities, Weirdness & Mutations

You are immune to sickness and miasma.
Your stone body is resilient. (AC +3)
You are immune to poison.
You resist negative energy. (rN+)
You are resistant to electric shocks. (rElec)
You are resistant to unholy torment.
You are immune to petrification.
You have large cloven feet.
You are clumsy. (Dex -2)
Your spells are a little harder to cast, but a little more powerful.


Message History

Crazy Yiuf shouts!
It was a potion of mutation.
You feel extremely strange.
Your feet thicken and deform.
Your wings grow larger and stronger.
Your feet thicken and deform.
Okay, then.
Okay, then.
Hit: a) +0 falchion
Press: ? - help, Dir - move target, f - you That would be overly suicidal.
Okay, then.
You feel extremely strange.
Your hooves look more like feet.
You float gracefully downwards.
Your wings shrivel and weaken.
You feel clumsy.
You feel less in control of your magic.
Crazy Yiuf yells, "Ten!
Ten horse canine."
You open the door.
Crazy Yiuf cries, "You leg down broken song, no?"
You closely miss Crazy Yiuf. You kick Crazy Yiuf.
Crazy Yiuf is lightly wounded.
Crazy Yiuf hits you with a +2 quarterstaff of chaos.
Crazy Yiuf freezes you.
You hit Crazy Yiuf.
Crazy Yiuf is moderately wounded.
Crazy Yiuf hits you with a +2 quarterstaff of chaos!
Crazy Yiuf freezes you.
You hit Crazy Yiuf.
Crazy Yiuf is heavily wounded.
Crazy Yiuf hits you with a +2 quarterstaff of chaos.
You closely miss Crazy Yiuf. Your kick misses Crazy Yiuf.
Crazy Yiuf is heavily wounded.
Crazy Yiuf hits you with a +2 quarterstaff of chaos.
You barely miss Crazy Yiuf. Your kick misses Crazy Yiuf.
Crazy Yiuf is heavily wounded.
Crazy Yiuf zaps a wand.
The puff of flame hits you but does no damage.
You hit Crazy Yiuf. You kick Crazy Yiuf.
Crazy Yiuf is severely wounded.
Crazy Yiuf zaps a wand.
The puff of flame hits you!
You die...

##### #..)# #...#
#.. ... ...
#..#+#..g #g#
......#.# ♣♣@♣
......#.# ♣.♣♣
....#.## ♣♣.♣ .....
♣.♣♣ #..# ♣♣.♣♣ #
#..# ♣...♣♣ #.#..#
♣....♣ #.#..##
#....# ##.#......
#....####.#.......##


You could see Crazy Yiuf.

Vanquished Creatures
  2 adders (D:2)
  A worm (D:2)
  A dart slug (D:1)
  4 endoplasms
  A giant cockroach (D:2)
  5 goblins
  3 hobgoblins
  A quokka (D:1)
  5 ball pythons
  4 bats
  4 frilled lizards
  2 rats (D:1)
33 creatures vanquished.

Notes
Turn   | Place    | Note
-------+----------+-------------------------------------------
     0 | D:1      | Ahpoh the Gargoyle Berserker began the quest for the Orb.
     0 | D:1      | Reached XP level 1. HP: 14/14 MP: 1/1
   175 | D:1      | Reached XP level 2. HP: 16/19 MP: 2/2
   890 | D:2      | Reached XP level 3. HP: 19/24 MP: 3/3
  1126 | D:2      | Reached XP level 4. HP: 29/29 MP: 4/4
  1157 | D:2      | Found a runed translucent door.
  1158 | D:2      | Noticed Crazy Yiuf
  1161 | D:2      | Gained mutation: You have large cloven feet. [potion of
                  | mutation]
  1161 | D:2      | Gained mutation: Your large and strong wings let you fly.
                  | [potion of mutation]
  1161 | D:2      | Gained mutation: You have hoof-like feet. [potion of
                  | mutation]
  1162 | D:2      | Lost mutation: You have hoof-like feet. [potion of
                  | mutation]
  1162 | D:2      | Lost mutation: Your large and strong wings let you fly.
                  | [potion of mutation]
  1162 | D:2      | Gained mutation: You are clumsy. (Dex -2) [potion of
                  | mutation]
  1162 | D:2      | Gained mutation: Your spells are a little harder to cast,
                  | but a little more powerful. [potion of mutation]
  1169 | D:2      | Killed from afar by Crazy Yiuf

Illustrated notes

Levels and vault maps discovered:
D:1:      evilmike_arrival_hilbert_curve, layout_loops_ring
D:2:      minmay_wonky_spiral, layout_basic, serial_shops, shop,
          shapermc_ecumenical_altar_flowoftime, minmay_liquid_box,
          minmay_tetromino_t4, uniq_crazy_yiuf_cottage, uniq_jessica, uniq_robin

Skill      XL: |  1  2 |
---------------+-------+-----
Long Blades    | 3 |  3.6
Dodging        | 2 |  2.1
Fighting       | |  3.7
Armour         | |  2.3

Action                     |  1- 3 |  4- 6 || total
---------------------------+-------+-------++-------
  Melee: Falchion          |   136 |     7 ||   143
         Punch             |     2 |       ||     2
         Kick              |       |     2 ||     2
    Use: Potion            |       |     2 ||     2
 Armour: Animal skin       |    15 |       ||    15
         Chain mail        |    96 |     1 ||    97
         Skin              |     3 |       ||     3
  Dodge: Dodged            |    72 |       ||    72

Table legend: (Time is in decaauts)
 A = Elapsed time spent in this place.
 B = Non-inter-level travel time spent in this place.
 C = Inter-level travel time spent in this place.
 D = Time resting spent in this place.
 E = Time spent auto-exploring this place.
 F = Levels seen in this place.
 G = Mean time per level.
                   A        B        C        D        E       F      G
               +--------+--------+--------+--------+--------+-----+--------+
         Total |   1188 |   1188 |      0 |     56 |    708 |   2 |  594.0 |
       Dungeon |   1188 |   1188 |      0 |     56 |    708 |   2 |  594.0 |
               +--------+--------+--------+--------+--------+-----+--------+

Top non-repeatable levels by time:
     D:1: 871 daAuts
     D:2: 317 daAuts
